[Event "Early-Titled-Tuesday-Blitz-January-30-2024"]
[Site "Chess.com"]
[Date "2024.01.30"]
[Round "2"]
[White "Statham_01"]
[Black "SaiAgni_98"]
[Result "0-1"]
[WhiteElo "2553"]
[BlackElo "2467"]
[TimeControl "180+1"]
[EndTime "8:22:52 PST"]
[Termination "SaiAgni_98 won on time"]

1. e4 e6 2. d4 d5 3. Nc3 Nf6 4. e5 Nfd7 5. Nf3 c5 6. Bg5 Qa5 7.
a3 Nc6 8. dxc5 Qxc5 9. Be3 Qa5 10. b4 Qc7 11. Nb5 Qb8 12. c4 dxc4 13. Nd6+ Bxd6 14. exd6 O-O 15. Bxc4 Rd8 16. Ng5 Nf6 17. Bf4 h6 18.
Nf3 e5 19. Nxe5 Nxe5 20. Bxe5 Re8 21. f4 b5 22. Bb3 Qb6 23. Qd2 Bg4 24. Qf2 Qxd6 25.
O-O Qb6 26. Bd4 Qd8 27. h3 Re2 28. Bxf6 Qxf6 29. Qg3 Be6 30. Bd1 Rd2 31. Bf3 Rad8 32.
Rae1 Bd5 33. Bxd5 R2xd5 34. Re5 Qb6+ 35. Kh2 Rd3 36. Qg4 Rd2 37. Rfe1 Qf6 38. h4 g6 39.
h5 Kg7 40. f5 g5 41. Re7 Qd6+ 42. R7e5 Rd5 43. Qg3 Rxe5 44. Rxe5 Kf6 45. Rxb5 Qxg3+ 46. Kxg3 Rd3+ 47. Kg4 Rd4+ 48. Kf3 Rd3+ 49. Ke4 Rxa3 50.
Ra5 Rg3 51. Ra6+ Kg7 52. f6+ Kg8 53. Rxa7 Rg4+ 54. Kf5 Rxb4 55. Ra8+ Kh7 56. Ra7 Rb5+ 57. Ke4 Kg8 58. Ra8+ Kh7 59. Rf8 Rb7 60. Kd5 Rd7+ 61. Kc6 Ra7 62. Re8 g4 63. Kd5 Ra5+ 64. Ke4 Rxh5 65.
Kf4 Rg5 66. g3 Kg6 67. Rh8 Rf5+ 68. Kxg4 Rxf6 69. Rg8+ Kh7 70. Rf8 Kg7 71. Ra8 Rg6+ 72. Kh4 Rf6 73. g4 Rg6 74. Kh5 Re6 75. Ra7 Re5+ 76.
Kh4 Kg6 77. Ra6+ f6 78. Ra7 Re4 79. Ra8 h5 80. Rg8+ Kh7 81. Rb8 hxg4 82. Rb6 Kg6 83. Rb5 f5 84. Rb6+ Kf7 85. Rb7+ Ke6 86. Rb6+ Ke5 87. Rb5+ Kf4 88. Rb3 Ra4 89. Rc3 Ra1 90. Rc4+ Ke3 91. Kg5 Rf1 92. Rc3+ Ke4 93. Rc4+ Kd5 94.
Ra4 g3 95. Ra2 f4 96. Kg4 Ke4 97. Ra4+ Ke3 98. Ra3+ Kd4 99. Ra4+ Kc3 100. Ra2 Rf2 101. Ra3+ Kb4 102. Ra1 g2 103. Kh3 f3 104. Kh2 Rf1 105. Ra2 g1=Q+ 106. Kh3 Qh1+ 107. Kg4 Rg1+ 108. Kf4 Qh4+ 109. Ke3 Qe7+ 110. Kf2 Qe1+ 111. Kxf3 Rg3+ 0-1

[Event "Early-Titled-Tuesday-Blitz-January-30-2024"]
[Site "Chess.com"]
[Date "2024.01.30"]
[Round "3"]
[White "GatoRojo150"]
[Black "AsselLesbekova"]
[Result "1-0"]
[WhiteElo "2581"]
[BlackElo "2299"]
[TimeControl "180+1"]
[EndTime "8:24:22 PST"]
[Termination "GatoRojo150 won by resignation"]

1. e4 c5 2. Nf3 Nc6 3. Nc3 Nf6 4. d4 cxd4 5. Nxd4 e5 6. Ndb5 d6 7. Bg5 a6 8. Na3 b5 9. Bxf6 Qxf6 10. Nd5 Qd8 11.
Bxb5 axb5 12. Nxb5 Ra4 13. Nbc7+ Kd7 14. Qg4+ 1-0

[Event "Early-Titled-Tuesday-Blitz-January-30-2024"]
[Site "Chess.com"]
[Date "2024.01.30"]
[Round "3"]
[White "familijatop71"]
[Black "Road2GM3000"]
[Result "0-1"]
[WhiteElo "2257"]
[BlackElo "2513"]
[TimeControl "180+1"]
[EndTime "8:25:23 PST"]
[Termination "Road2GM3000 won by resignation"]

1. e4 c5 2. Nf3 d6 3. d4 cxd4 4. Nxd4 Nf6 5. Nc3 a6 6. Bg5 e6 7. f4 Qb6 8. Qd2 Nc6 9. Nxc6 bxc6 10. e5 Nd5 11. Nxd5 cxd5 12. b3 dxe5 13. fxe5 Bd7 14. Bd3 Rc8 15. Be3 d4 16. Bf2 Bb4 17. c3 Bxc3 18. Qxc3 Rxc3 0-1

[Event "Early-Titled-Tuesday-Blitz-January-30-2024"]
[Site "Chess.com"]
[Date "2024.01.30"]
[Round "3"]
[White "MikeSailer"]
[Black "Shodikulov_Jamshid1990"]
[Result "0-1"]
[WhiteElo "2134"]
[BlackElo "2398"]
[TimeControl "180+1"]
[EndTime "8:25:46 PST"]
[Termination "Shodikulov_Jamshid1990 won by resignation"]

1. d4 Nf6 2. Bf4 c5 3. e3 Qb6 4.
Nc3 cxd4 5. exd4 d5 6. Bd3 a6 7.
a3 Nc6 8. Nf3 Bg4 9. Na4 Qa5+ 10. b4 Qxa4 0-1

[Event "Early-Titled-Tuesday-Blitz-January-30-2024"]
[Site "Chess.com"]
[Date "2024.01.30"]
[Round "3"]
[White "Massakru"]
[Black "giovannibrandao7"]
[Result "1-0"]
[WhiteElo "2407"]
[BlackElo "2150"]
[TimeControl "180+1"]
[EndTime "8:25:48 PST"]
[Termination "Massakru won by resignation"]

1. e4 c5 2. Nf3 d6 3. c3 Nf6 4. h3 Nc6 5. Bd3 e6 6. Bc2 Be7 7. O-O O-O 8. d4 cxd4 9. cxd4 h6 10.
Nc3 a6 11. Qe2 b5 12. a3 Bb7 13. e5 dxe5 14. dxe5 Nd7 15. Qe4 f5 16. exf6 Nxf6 17. Qxe6+ Kh8 18. Nh4 1-0

[Event "Early-Titled-Tuesday-Blitz-January-30-2024"]
[Site "Chess.com"]
[Date "2024.01.30"]
[Round "3"]
[White "Karina_Ivanova"]
[Black "santosalberto1987"]
[Result "1-0"]
[WhiteElo "2292"]
[BlackElo "2515"]
[TimeControl "180+1"]
[EndTime "8:26:04 PST"]
[Termination "Karina_Ivanova won by resignation"]

1. Nc3 d5 2. d4 Nf6 3. Nf3 Bf5 4. g3 e6 5. Bg2 h6 6. O-O Nbd7 7. Nd2 c5 8. e4 cxd4 9. exf5 dxc3 10. bxc3 exf5 11. Re1+ Be7 12. Ba3 Ng8 13. Bxd5 Qa5 14. Bxb7 Rb8 15.
Nc4 Qc5 16. Bxc5 1-0

[Event "Early-Titled-Tuesday-Blitz-January-30-2024"]
[Site "Chess.com"]
[Date "2024.01.30"]
[Round "3"]
[White "falzehope0"]
[Black "tarno17"]
[Result "1-0"]
[WhiteElo "2375"]
[BlackElo "2056"]
[TimeControl "180+1"]
[EndTime "8:26:04 PST"]
[Termination "falzehope0 won by resignation"]

1. d4 d5 2. e3 Nf6 3. Bd3 c6 4.
f4 Bg4 5. Ne2 e6 6. Nd2 Nbd7 7.
O-O c5 8. c3 Bd6 9. Nf3 cxd4 10. exd4 O-O 11. Ne5 Ne4 12. Nxg4 1-0

[Event "Early-Titled-Tuesday-Blitz-January-30-2024"]
[Site "Chess.com"]
[Date "2024.01.30"]
[Round "3"]
[White "ilushka"]
[Black "Bushonica"]
[Result "1-0"]
[WhiteElo "2339"]
[BlackElo "1806"]
[TimeControl "180+1"]
[EndTime "8:26:10 PST"]
[Termination "ilushka won by resignation"]

1. e4 e5 2. Nf3 Nf6 3. Nc3 d6 4. Bc4 Be7 5. O-O O-O 6. h3 c6 7. d4 exd4 8. Nxd4 Nbd7 9. Bb3 Nc5 10. Re1 Nxb3 11. axb3 Be6 12. Nxe6 fxe6 13. e5 Nd5 14.
exd6 Qxd6 15. Ne4 Qe5 16. Qe2 Nf4 17. Bxf4 Qxf4 18. Ng3 Bf6 19. Qxe6+ Kh8 20. Nh5 Bxb2 21. Nxf4 Bxa1 22. Rxa1 Rxf4 23. Rxa7 Rff8 24. Rxa8 1-0

[Event "Early-Titled-Tuesday-Blitz-January-30-2024"]
[Site "Chess.com"]
[Date "2024.01.30"]
[Round "3"]
[White "FREDERICKtheMATE"]
[Black "Me_ch_an"]
[Result "1-0"]
[WhiteElo "2573"]
[BlackElo "2317"]
[TimeControl "180+1"]
[EndTime "8:26:19 PST"]
[Termination "FREDERICKtheMATE won by resignation"]

1. d4 d5 2. c4 dxc4 3. e3 e5 4. Bxc4 exd4 5. exd4 Nf6 6. Nc3 Bd6 7. Nf3 O-O 8. O-O h6 9. h3 Nc6 10. Re1 Bf5 11. Ne5 Bxe5 12. dxe5 Qxd1 13. Nxd1 Rfe8 14.
f4 Nd4 15. Ne3 Nd7 16. Rd1 Be6 17. Rxd4 1-0

[Event "Early-Titled-Tuesday-Blitz-January-30-2024"]
[Site "Chess.com"]
[Date "2024.01.30"]
[Round "3"]
[White "AlexeiShirov"]
[Black "lelajavakhishvili"]
[Result "1-0"]
[WhiteElo "2751"]
[BlackElo "2508"]
[TimeControl "180+1"]
[EndTime "8:26:21 PST"]
[Termination "AlexeiShirov won by resignation"]

1. Nf3 c5 2. e4 Nc6 3. d4 cxd4 4. Nxd4 e5 5. Nb5 d6 6. c4 g6 7. h4 Nf6 8. Bg5 Qa5+ 9. b4 Nxb4 10. Bxf6 Nd3+ 11.
Ke2 Nf4+ 12. Kf3 h5 13. Nxd6+ Bxd6 14. Qxd6 1-0

[Event "Early-Titled-Tuesday-Blitz-January-30-2024"]
[Site "Chess.com"]
[Date "2024.01.30"]
[Round "3"]
[White "Brahianzevich"]
[Black "tolia123"]
[Result "0-1"]
[WhiteElo "2365"]
[BlackElo "2131"]
[TimeControl "180+1"]
[EndTime "8:26:23 PST"]
[Termination "tolia123 won by resignation"]

1. e4 c5 2. Nf3 Nc6 3. d4 cxd4 4.
Nxd4 g6 5. Nc3 Bg7 6. Nde2 Nf6 7. g3 d6 8. Bg2 O-O 9. O-O a6 10. a4 Be6 11. h3 Rc8 12. Be3 Nb4 13. Nf4 Bc4 14.
Re1 e5 15. Nfd5 Bxd5 16. exd5 Nd7 17. Ne4 Nxc2 18. Nxd6 Nxe1 19. Qxe1 Rc2 0-1

[Event "Early-Titled-Tuesday-Blitz-January-30-2024"]
[Site "Chess.com"]
[Date "2024.01.30"]
[Round "3"]
[White "LileKoridze"]
[Black "Kiborg95"]
[Result "0-1"]
[WhiteElo "2368"]
[BlackElo "2842"]
[TimeControl "180+1"]
[EndTime "8:26:36 PST"]
[Termination "Kiborg95 won by resignation"]

1. d4 d6 2. c4 e5 3. Nc3 exd4 4. Qxd4 Nf6 5. e4 g6 6. Nf3 Bg7 7. Qd1 O-O 8. Bd3 Re8 9. O-O Nbd7 10. Rb1 a5 11. b3 c6 12. Bb2 Qc7 13. Re1 Ne5 14.
Nxe5 dxe5 15. Qc2 Nd7 16. Rbd1 Nc5 17. Be2 Ne6 18. Qb1 h5 19. f3 Bf8 20. Kh1 h4 21. g3 Nd4 22. Na4 Bb4 23. Bxd4 exd4 24. Rf1 hxg3 25.
Rxd4 Bh3 26. Rg1 gxh2 27. Rg5 Qf4 0-1

[Event "Early-Titled-Tuesday-Blitz-January-30-2024"]
[Site "Chess.com"]
[Date "2024.01.30"]
[Round "3"]
[White "bubeliang"]
[Black "Artyom_ChessMate"]
[Result "1-0"]
[WhiteElo "2772"]
[BlackElo "2519"]
[TimeControl "180+1"]
[EndTime "8:26:42 PST"]
[Termination "bubeliang won by resignation"]

1. b3 e6 2. Bb2 d5 3. f4 Nf6 4.
Nf3 c5 5. e3 Nc6 6. Bd3 Bd6 7.
O-O O-O 8. Qe1 Qc7 9. Qh4 Ne4 10. Bxe4 dxe4 11. Ng5 h6 12. Nxe4 Be7 13. Qg3 f6 14. Nbc3 Nb4 15. Rac1 b6 16. a3 Nd5 17. f5 Nxc3 18.
Qxc7 1-0

[Event "Early-Titled-Tuesday-Blitz-January-30-2024"]
[Site "Chess.com"]
[Date "2024.01.30"]
[Round "3"]
[White "Polish_fighter3000"]
[Black "GMRAVEN_ON_YOUTUBE"]
[Result "1-0"]
[WhiteElo "3054"]
[BlackElo "2768"]
[TimeControl "180+1"]
[EndTime "8:26:43 PST"]
[Termination "Polish_fighter3000 won by resignation"]

1. e4 c5 2. Nf3 e6 3. d4 cxd4 4. Nxd4 Nc6 5. Nc3 Qc7 6. Be3 a6 7.
Qd2 Nf6 8. f3 Ne5 9. O-O-O Bb4 10. Kb1 b5 11. Ncxb5 Qa5 12. Nc7+ Qxc7 13. Qxb4 Rb8 14.
Qa3 d6 15. Nb3 O-O 16. Qxd6 Qxd6 17. Rxd6 Ra8 18. Na5 Ned7 19. Be2 Re8 20. Rhd1 Kf8 21. c4 Ke7 22. c5 Ne5 23. c6 1-0

[Event "Early-Titled-Tuesday-Blitz-January-30-2024"]
[Site "Chess.com"]
[Date "2024.01.30"]
[Round "3"]
[White "Lady_Nika"]
[Black "ChessArchitect64"]
[Result "1-0"]
[WhiteElo "2556"]
[BlackElo "2163"]
[TimeControl "180+1"]
[EndTime "8:26:46 PST"]
[Termination "Lady_Nika won by resignation"]

1. d4 d5 2. e3 Nf6 3. f4 c5 4. Nf3 Nc6 5. c3 Bg4 6. Be2 e6 7. Ne5 Bxe2 8. Qxe2 Bd6 9. Nd2 O-O 10.
O-O Rc8 11. Qd3 a6 12. Rf3 b5 13. Rh3 b4 14. g4 bxc3 15. bxc3 cxd4 16. exd4 Bxe5 17.
fxe5 Ne4 18. Nxe4 dxe4 19. Qxe4 g6 20. Bh6 Ne7 21. Bxf8 Qxf8 22. Rf1 Nd5 23. Rff3 Rb8 24. g5 Rb1+ 25. Qxb1 1-0

[Event "Early-Titled-Tuesday-Blitz-January-30-2024"]
[Site "Chess.com"]
[Date "2024.01.30"]
[Round "3"]
[White "cycygogne"]
[Black "Statham_01"]
[Result "0-1"]
[WhiteElo "2283"]
[BlackElo "2556"]
[TimeControl "180+1"]
[EndTime "8:26:47 PST"]
[Termination "Statham_01 won by resignation"]

1. Nf3 e5 2. Nxe5 Nc6 3. Nxc6 dxc6 4. e4 Nf6 5. d3 Bc5 6. Be2 h5 7. Be3 Bxe3 8. fxe3 Ng4 9. Qd2 Qh4+ 10. g3 Qg5 11.
Bxg4 Bxg4 12. Nc3 h4 13. gxh4 Rxh4 14. Ne2 Rh3 15. Ng3 O-O-O 16. Qf2 Qa5+ 17. Kf1 Rd6 18. Kg2 Rf6 19. Qg1 Qd2+ 0-1

[Event "Early-Titled-Tuesday-Blitz-January-30-2024"]
[Site "Chess.com"]
[Date "2024.01.30"]
[Round "3"]
[White "jens1102"]
[Black "SuanFernandes"]
[Result "1-0"]
[WhiteElo "2577"]
[BlackElo "2331"]
[TimeControl "180+1"]
[EndTime "8:27:02 PST"]
[Termination "jens1102 won by resignation"]

1. d4 d5 2. c4 Nf6 3. Nc3 e6 4.
Nf3 a6 5. Bg5 dxc4 6. e4 b5 7.
e5 h6 8. Bh4 g5 9. Nxg5 hxg5 10.
Bxg5 Nbd7 11. exf6 Bb7 12. h4 Nxf6 13. Rh3 Be7 14. a4 b4 15. Nb1 Qd5 16. Qc2 Qxd4 17. Nd2 c3 18. bxc3 Qxc3 19. Rxc3 bxc3 20. Qxc3 1-0

[Event "Early-Titled-Tuesday-Blitz-January-30-2024"]
[Site "Chess.com"]
[Date "2024.01.30"]
[Round "3"]
[White "Zohid6"]
[Black "thesupera12"]
[Result "1-0"]
[WhiteElo "2858"]
[BlackElo "2537"]
[TimeControl "180+1"]
[EndTime "8:27:03 PST"]
[Termination "Zohid6 won by resignation"]

1. e4 c5 2. Nf3 e6 3. d4 cxd4 4.
Nxd4 Qb6 5. Nc3 Nc6 6. Nxc6 bxc6 7. Bd3 d5 8. O-O Nf6 9. a4 Bb4 10. Qf3 O-O 11. Bg5 Bxc3 12. bxc3 Nxe4 13. Bxe4 dxe4 14.
Qxe4 Qc5 15. Bd2 Ba6 16. Rfd1 Rfd8 17. Be1 h6 18. h3 Bc4 19. Kh2 Rd5 20. f3 Rad8 21.
Rxd5 Qxd5 22. Qe3 a6 23. Rb1 Rd7 24. Bg3 Qf5 25. Rb4 Bd5 26. c4 c5 27. Rb8+ Kh7 28. cxd5 exd5 29. Qxc5 1-0

[Event "Early-Titled-Tuesday-Blitz-January-30-2024"]
[Site "Chess.com"]
[Date "2024.01.30"]
[Round "3"]
[White "LyonBeast"]
[Black "HamedWafa4"]
[Result "1-0"]
[WhiteElo "3161"]
[BlackElo "2808"]
[TimeControl "180+1"]
[EndTime "8:27:12 PST"]
[Termination "LyonBeast won by resignation"]

1. e4 e5 2. Nf3 Nc6 3. Bb5 a6 4. Ba4 Nf6 5. O-O Be7 6. Re1 b5 7. Bb3 O-O 8. a4 d5 9. axb5 dxe4 10. bxc6 exf3 11. Qxf3 e4 12. Qe2 Bd6 13. h3 Re8 14. Nc3 Re5 15. Ra4 Bxh3 16. Nxe4 Bf5 17. d3 Nxe4 18.
dxe4 Qh4 19. g3 Qh3 20. Qf1 Qxf1+ 21. Kxf1 Bg4 22. Kg2 Rc5 23. e5 1-0

[Event "Early-Titled-Tuesday-Blitz-January-30-2024"]
[Site "Chess.com"]
[Date "2024.01.30"]
[Round "3"]
[White "NowInChess"]
[Black "betta2004"]
[Result "0-1"]
[WhiteElo "2267"]
[BlackElo "2523"]
[TimeControl "180+1"]
[EndTime "8:27:14 PST"]
[Termination "betta2004 won by resignation"]

1. e4 e5 2. Nf3 Nf6 3. Nc3 Bc5 4.
Nxe5 Nc6 5. Nxc6 dxc6 6. Be2 h5 7. h3 Qd4 8. Rf1 Nxe4 9. Nxe4 Qxe4 10. d3 Qxg2 11.
Bf3 Qxh3 12. Qe2+ Be6 13. Bf4 O-O-O 14. O-O-O Qf5 15. Qe5 Qxe5 16. Bxe5 f6 17. Bh2 Bd5 18. Bxd5 cxd5 19. d4 Bd6 20. Bxd6 Rxd6 21. Rde1 Kd7 22. Rg1 g5 23. f4 g4 24. Rh1 f5 25. Reg1 Re6 26.
Rh4 Re4 27. Rgh1 Rxf4 28. Rxh5 Rxh5 29. Rxh5 g3 30. Rg5 Rg4 0-1

[Event "Early-Titled-Tuesday-Blitz-January-30-2024"]
[Site "Chess.com"]
[Date "2024.01.30"]
[Round "3"]
[White "nickmatta"]
[Black "mbojan"]
[Result "0-1"]
[WhiteElo "2587"]
[BlackElo "2877"]
[TimeControl "180+1"]
[EndTime "8:27:16 PST"]
[Termination "mbojan won by resignation"]

1. Nf3 g6 2. g3 Bg7 3. Bg2 d6 4. O-O Bd7 5. d4 Qc8 6. Re1 Bh3 7. Bh1 h5 8. e4 Nc6 9. e5 h4 10. Bf4 hxg3 11. hxg3 dxe5 12. Nxe5 Nxe5 13. Bxe5 Nf6 14. Nc3 c6 15. d5 Bg4 16. Qd4 Rxh1+ 17. Kxh1 Bf3+ 18. Kh2 Ng4+ 19. Qxg4 Qxg4 0-1

[Event "Early-Titled-Tuesday-Blitz-January-30-2024"]
[Site "Chess.com"]
[Date "2024.01.30"]
[Round "3"]
[White "Elsa167"]
[Black "averageFM"]
[Result "1-0"]
[WhiteElo "2846"]
[BlackElo "2564"]
[TimeControl "180+1"]
[EndTime "8:27:18 PST"]
[Termination "Elsa167 won by resignation"]

1. d4 Nf6 2. c4 c5 3. d5 b5 4. cxb5 a6 5. bxa6 g6 6. Nc3 Bxa6 7. e4 Bxf1 8. Kxf1 d6 9. Nf3 Bg7 10. g3 O-O 11. Kg2 Na6 12. Re1 Qd7 13.
e5 dxe5 14. Nxe5 Qb7 15. Qf3 Nb4 16. Rd1 Nfxd5 17. Nxd5 Bxe5 18. Nf6+ Bxf6 19. Qxb7 Nc2 20. Rb1 Rab8 21. Qf3 Nd4 22. Qe4 Bg7 23. Bf4 Ra8 24. Qxe7 Rxa2 25. Qxc5 Ne6 26. Qc4 Rfa8 27. b4 h5 28. b5 h4 29. b6 g5 30. b7 gxf4 31. bxa8=Q+ Rxa8 32. gxf4 Bh6 33. f5 Nf4+ 34. Kh1 1-0

[Event "Early-Titled-Tuesday-Blitz-January-30-2024"]
[Site "Chess.com"]
[Date "2024.01.30"]
[Round "3"]
[White "Chesstiger64"]
[Black "InitiatingASC"]
[Result "0-1"]
[WhiteElo "2197"]
[BlackElo "2419"]
[TimeControl "180+1"]
[EndTime "8:27:20 PST"]
[Termination "InitiatingASC won by checkmate"]

1. d4 d5 2. Nf3 Bf5 3. e3 c6 4. c4 e6 5. Nc3 Nf6 6. Be2 Be7 7. Nh4 Bg6 8. Nxg6 hxg6 9. Bd2 Nbd7 10. Qb3 Qb6 11.
Bf3 dxc4 12. Qxc4 Nd5 13. Na4 Qc7 14. Nc5 Bxc5 15. dxc5 Ne5 16. Qe2 O-O-O 17. g3 Nf6 18.
O-O Rxd2 19. Qxd2 Nxf3+ 20. Kh1 Rxh2# 0-1

[Event "Early-Titled-Tuesday-Blitz-January-30-2024"]
[Site "Chess.com"]
[Date "2024.01.30"]
[Round "3"]
[White "Abund"]
[Black "RantomOpening"]
[Result "1-0"]
[WhiteElo "2758"]
[BlackElo "2515"]
[TimeControl "180+1"]
[EndTime "8:27:23 PST"]
[Termination "Abund won by resignation"]

1. e4 c5 2. Nf3 e6 3. d4 cxd4 4.
Nxd4 Nf6 5. Bd3 Nc6 6. Nf3 d5 7.
exd5 exd5 8. O-O h6 9. h3 Bd6 10. Re1+ Be6 11. c3 O-O 12. Nbd2 Re8 13. Nb3 Bc7 14. Be3 Qd6 15. Bc5 Qd7 16. Bd4 b6 17.
Bxf6 gxf6 18. Nfd4 Ne5 19. Bb5 Qd6 20. Bxe8 Rxe8 21. f4 Ng6 22. Nb5 Qxf4 23. Nxc7 Qxc7 24. Qf3 Ne5 25. Qxf6 Ng6 26. Nd4 Qe7 27. Rxe6 Qxe6 28. Nxe6 Rxe6 29. Qd8+ Kg7 30. Qxd5 Re1+ 31. Rxe1 1-0

[Event "Early-Titled-Tuesday-Blitz-January-30-2024"]
[Site "Chess.com"]
[Date "2024.01.30"]
[Round "3"]
[White "rikchessmx"]
[Black "azikom"]
[Result "0-1"]
[WhiteElo "2316"]
[BlackElo "2714"]
[TimeControl "180+1"]
[EndTime "8:27:25 PST"]
[Termination "azikom won by resignation"]

1. e4 c5 2. Nf3 e6 3. d4 cxd4 4. Nxd4 a6 5. Nc3 b5 6. a3 Bb7 7. Bd3 Nc6 8. Nde2 Nf6 9. f4 d6 10. O-O Be7 11. h3 O-O 12. g4 Nd7 13. Be3 b4 14. Na4 bxa3 15. bxa3 Qc7 16. Qe1 Rab8 17. Qf2 Na5 18. Nb6 Nc5 19. Bxc5 dxc5 20. Nc4 Nxc4 21.
Bxc4 Bxe4 22. Bxa6 Bxc2 23. Ng3 Bb3 24. Nh5 g6 25. Ng3 Bd5 26. Be2 Rb3 27. Kh2 Bh4 28.
Rg1 Rfb8 29. a4 Rb2 30. Qe3 R8b3 0-1

[Event "Early-Titled-Tuesday-Blitz-January-30-2024"]
[Site "Chess.com"]
[Date "2024.01.30"]
[Round "3"]
[White "almaguerjm"]
[Black "karinachess1"]
[Result "0-1"]
[WhiteElo "2460"]
[BlackElo "2634"]
[TimeControl "180+1"]
[EndTime "8:27:31 PST"]
[Termination "karinachess1 won by resignation"]

1. e4 e5 2. Nf3 Nc6 3. Bc4 Nf6 4. Ng5 d5 5. exd5 Na5 6. Bb5+ c6 7. dxc6 bxc6 8.
Bd3 h6 9. Ne4 Nxe4 10. Bxe4 Be7 11. g4 O-O 12. Qf3 Be6 13. d3 Rb8 14. Qg3 Bh4 15.
Qxe5 Bf6 16. Qg3 Rxb2 17. c3 Rxa2 18. Rxa2 Bxa2 19. d4 Re8 20. Nd2 Bd5 21. f3 Bh4 0-1

[Event "Early-Titled-Tuesday-Blitz-January-30-2024"]
[Site "Chess.com"]
[Date "2024.01.30"]
[Round "3"]
[White "lachesisQ"]
[Black "VeraVujovic"]
[Result "1-0"]
[WhiteElo "3138"]
[BlackElo "2265"]
[TimeControl "180+1"]
[EndTime "8:27:32 PST"]
[Termination "lachesisQ won by resignation"]

1. e4 e5 2. f4 d6 3. Nc3 Nf6 4. d4 Nc6 5. dxe5 dxe5 6. Qxd8+ Kxd8 7. Nf3 Bb4 8. Bd2 Bxc3 9. Bxc3 Nxe4 10. Nxe5 Nxe5 11. Bxe5 f6 12. O-O-O+ Bd7 13. Bd4 c5 14. Bd3 Re8 15. Rhe1 cxd4 16. Bxe4 Kc7 17. Rxd4 f5 18. Red1 Be6 19. Bd5 Rad8 20. Bxe6 Rxd4 21. Rxd4 Rxe6 22. Kd2 Rb6 23. b3 Rb5 24. a4 Rc5 25. c4 a5 26.
Kc3 g6 27. Rd5 Rc6 28. Rxa5 Re6 29. Re5 Rd6 30. Re1 1-0

[Event "Early-Titled-Tuesday-Blitz-January-30-2024"]
[Site "Chess.com"]
[Date "2024.01.30"]
[Round "3"]
[White "cristiano78"]
[Black "DrCeltic"]
[Result "0-1"]
[WhiteElo "2266"]
[BlackElo "2565"]
[TimeControl "180+1"]
[EndTime "8:27:35 PST"]
[Termination "DrCeltic won by resignation"]

1. d4 Nf6 2. c4 c6 3. Nf3 d5 4. Nc3 dxc4 5. a4 Bf5 6. Bf4 e6 7. e3 Nd5 8. Bxb8 Rxb8 9. Bxc4 Bb4 10.
Bxd5 exd5 11. O-O Bg4 12. h3 Bh5 13. g4 Bg6 14. Ne5 O-O 15. Kg2 f6 16. Nxg6 hxg6 17.
Ne2 g5 18. Ng3 Bd6 19. Qd2 Bxg3 20. fxg3 Qe7 21. Rae1 Qe4+ 22. Kh2 Rbe8 23. Rf2 Re7 24. Qc2 Rfe8 25. Qxe4 Rxe4 26. Rfe2 Kf7 27. Kg2 Ke6 28. Kf3 Kd6 29. b4 Kc7 30. Rc2 Rxd4 31. b5 Rxa4 32.
bxc6 bxc6 33. Rec1 Re6 34. Rc5 Ra3 35. Rxd5 Raxe3+ 36. Kf2 Re2+ 37. Kf1 Re1+ 38. Rxe1 Rxe1+ 39. Kxe1 cxd5 0-1

[Event "Early-Titled-Tuesday-Blitz-January-30-2024"]
[Site "Chess.com"]
[Date "2024.01.30"]
[Round "3"]
[White "Herzog2012"]
[Black "kleinebeer98"]
[Result "0-1"]
[WhiteElo "2561"]
[BlackElo "2860"]
[TimeControl "180+1"]
[EndTime "8:27:40 PST"]
[Termination "kleinebeer98 won by checkmate"]

1. e4 e5 2. Nf3 Nc6 3. d4 exd4 4. Nxd4 Nf6 5. Nxc6 bxc6 6. e5 Qe7 7. Qe2 Nd5 8.
h4 d6 9. c4 Nb6 10. exd6 Qxe2+ 11. Bxe2 Bxd6 12. Nc3 O-O 13. b3 Re8 14. Be3 Be5 15.
Rc1 a5 16. O-O a4 17. Bf3 axb3 18. axb3 Bb7 19. Ne4 Nd7 20. Rfd1 Bc8 21. Nc3 Nb8 22. Bd4 Bf4 23. Ra1 Rxa1 24. Rxa1 h6 25. Ra8 Re1# 0-1

[Event "Early-Titled-Tuesday-Blitz-January-30-2024"]
[Site "Chess.com"]
[Date "2024.01.30"]
[Round "3"]
[White "carloseduar100"]
[Black "tandaleo"]
[Result "1-0"]
[WhiteElo "2288"]
[BlackElo "2512"]
[TimeControl "180+1"]
[EndTime "8:27:43 PST"]
[Termination "carloseduar100 won by resignation"]

1. d4 e6 2. Nf3 f5 3. h3 Nf6 4. g4 d6 5. Nc3 Nc6 6. a3 Be7 7. Qd3 O-O 8. gxf5 exf5 9. Rg1 Qe8 10. Bg5 Nd8 11. O-O-O Nf7 12. h4 c6 13. Bh3 Ng4 14.
Bxg4 fxg4 15. Bxe7 Qxe7 16. Nd2 d5 17. f3 gxf3 18. Nxf3 Nd6 19. Kb1 Bf5 20. Qd2 Nc4 21. Qh6 Ne3 22. Rxg7+ Qxg7 23. Qxe3 Bg4 24. Rg1 h5 25.
Ne5 Rf5 26. Nxg4 hxg4 27. Qe6+ Rf7 28. Rxg4 1-0

[Event "Early-Titled-Tuesday-Blitz-January-30-2024"]
[Site "Chess.com"]
[Date "2024.01.30"]
[Round "3"]
[White "Lion-Al-Messi"]
[Black "salomez"]
[Result "1-0"]
[WhiteElo "2572"]
[BlackElo "2316"]
[TimeControl "180+1"]
[EndTime "8:27:44 PST"]
[Termination "Lion-Al-Messi won by resignation"]

1. e4 c5 2. Nf3 e6 3. d4 cxd4 4. Nxd4 Nf6 5. Nc3 Nc6 6. Bf4 Bb4 7. Nb5 e5 8. Bg5 O-O 9. a3 Be7 10. Be2 a6 11. Nd6 Nd4 12. Nxc8 Rxc8 13. O-O b5 14. Re1 h6 15. Bh4 Qc7 16. Bd3 d6 17. Bxf6 Bxf6 18.
Nd5 Qd8 19. Qg4 Kh8 20. c3 Nb3 21. Rad1 Nc5 22. Bb1 Bg5 23. g3 Qe8 24. h4 Bd8 25. Qxc8 1-0

[Event "Early-Titled-Tuesday-Blitz-January-30-2024"]
[Site "Chess.com"]
[Date "2024.01.30"]
[Round "3"]
[White "biostatistician"]
[Black "pfalcon1949"]
[Result "1-0"]
[WhiteElo "2554"]
[BlackElo "1956"]
[TimeControl "180+1"]
[EndTime "8:27:51 PST"]
[Termination "biostatistician won by resignation"]

1. d4 Nf6 2. Nf3 d5 3. c4 e6 4. Nc3 Bb4 5. Bg5 h6 6. Bh4 dxc4 7. e3 b5 8. a4 c6 9. Be2 Nbd7 10. O-O Bxc3 11.
bxc3 Bb7 12. Nd2 O-O 13. Rb1 a6 14. Nxc4 Nb6 15. Na5 Qd7 16. Bxf6 gxf6 17. Nxb7 Qxb7 18. c4 Qd7 19. axb5 axb5 20. cxb5 Ra2 21. bxc6 Qxc6 22.
Bf3 Nd5 23. Qb3 Rfa8 24. Rfc1 Qd6 25. g3 R8a3 26. Qb8+ Kg7 27. Qxd6 1-0

[Event "Early-Titled-Tuesday-Blitz-January-30-2024"]
[Site "Chess.com"]
[Date "2024.01.30"]
[Round "3"]
[White "garfield_pg"]
[Black "BocharovD"]
[Result "0-1"]
[WhiteElo "2466"]
[BlackElo "2843"]
[TimeControl "180+1"]
[EndTime "8:27:57 PST"]
[Termination "BocharovD won by resignation"]

1. d4 Nf6 2. Bf4 e6 3. e3 c5 4.
c3 Nc6 5. Nd2 cxd4 6. exd4 Be7 7. h3 O-O 8. Ngf3 b6 9. Bd3 Bb7 10. O-O d6 11. Re1 Rc8 12. Bh2 Re8 13. a4 Bf8 14. Nc4 Nd5 15. Qb3 a6 16. Nfd2 f5 17. Ne3 Na5 18. Qa2 Kh8 19. Nxd5 Bxd5 20. c4 Bxg2 21.
Kxg2 Qg5+ 22. Kf1 Qxd2 23. Rad1 Qb4 0-1